[Event "FIDE WY-U16 Olympiad 2022"]
[Site "Nakhchivan"]
[Date "2022.10.05"]
[Round "4.15"]
[White "Movahed, Sina"]
[Black "Ahmad, Khagan"]
[Result "1-0"]
[ECO "A06"]
[WhiteElo "2325"]
[BlackElo "2150"]
[Annotator "TA"]
[PlyCount "179"]
[EventDate "2022.10.02"]
[EventType "team-tourn"]
[EventCountry "AZE"]
[SourceTitle "playchess.com"]
[Source "ChessBase"]
[SourceQuality "1"]
[WhiteTeam "Iran"]
[BlackTeam "Azerbaijan"]
[WhiteTeamCountry "IRI"]
[BlackTeamCountry "AZE"]
[TimeControl "40/5400+30:1800+30"]

1. Nf3 d5 2. g3 Nf6 3. Bg2 e6 4. O-O Be7 5. c4 O-O 6. b3 c5 7. e3 Nc6 8. Bb2 b6 9. Qe2 Bb7 10. Rd1 Qc7 11. Nc3 Rad8 12. Rac1 Qb8 13. cxd5 {[%emt 0:14:19] A14: English Opening: 1...e6 with b3 by White.} Nxd5 {[%emt 0:00:21] [#]} 14. Ne4 $146 (14. Nxd5 $11 Rxd5 15. d4) ({Predecessor:} 14. Nxd5 Rxd5 15. d4 cxd4 16. Nxd4 Nxd4 17. Bxd4 Rd7 18. Qg4 g6 19. Bxb7 Qxb7 20. Qf4 f6 21. Qg4 Kf7 22. Bb2 {½-½ (22) Real de Azua,E (2478)-Ocantos,M (2213) Buenos Aires 2017}) 14... h6 ({Better is} 14... Ndb4 $1 $17 {Strongly threatening ...Ba6.} 15. d4 Ba6) 15. d3 $11 {[%emt 0:06:27] The position is equal.} Rc8 16. Nfd2 f5 17. Nc3 Bf6 18. Nc4 Bxc3 19. Bxc3 Nxc3 20. Rxc3 Rcd8 {[%emt 0:00:07] Inhibits d4.} 21. a3 Ne5 (21... Qc7 $11) 22. Bxb7 $14 Nxc4 23. Ba6 (23. Bg2 $1 $16 Nxa3 24. d4) 23... Ne5 (23... Nxa3 $2 24. Qb2 $18) 24. d4 Qd6 25. Re1 Nd7 26. Bb5 Kh8 27. Rd3 {[%emt 0:03:25] aiming for dxc5.} Nf6 28. Red1 Rc8 29. Bc4 e5 ({Black should try} 29... cxd4 $14 30. Rxd4 Qe7) 30. dxe5 $16 Qxe5 31. Rd6 Rce8 32. Qf3 Re7 33. Qc6 Qb2 (33... Kh7 $14) 34. Rd8 Rxd8 35. Rxd8+ Kh7 36. Bd3 {[%emt 0:00:56] Active counter play!} ({White should play} 36. Qc8 $16) 36... g6 37. h3 {[%emt 0:08:01] Against Ng4} Kg7 38. Rd6 Qxa3 39. Re6 Rf7 40. Bc4 Qb2 41. Kg2 h5 42. Qd6 Rd7 43. Re7+ Rxe7 44. Qxe7+ $11 {[%emt 0:00:10][%mdl 4096] Endgame KQB-KQN} Kh6 45. Qf8+ Kh7 $1 (45... Kg5 {gets mated.} 46. h4+ Kg4 47. Qxf6 $3 ) 46. g4 hxg4 47. hxg4 fxg4 48. Qf7+ Kh6 49. Bd3 Kg5 50. Qxg6+ Kh4 51. Qg7 Qe5 52. Bg6 Qg5 53. Qh8+ Nh5 54. Bxh5 Qd5+ 55. e4 Qxe4+ 56. Kh2 {[%emt 0:00:25] Threatening mate with Bg6+.} Qf4+ $2 {[%emt 0:00:06][%mdl 8192] [#] White now steadily converts the win.} (56... Kg5 $1 $11) 57. Kg1 $1 $18 Kg5 (57... Qd4 58. Qh6 Qa1+ 59. Kg2) 58. Be8 Qd6 $2 (58... Qe4 59. Qg7+ Kf4) 59. Qh5+ Kf6 60. Qxg4 {[%emt 0:00:00] Black must now prevent Qg6+.} Qd3 {[%emt 0:00:00] Inhibits Qg6+.} (60... a6 61. Qf3+ Ke7) 61. Qh4+ Ke6 62. Qf4 Ke7 63. Qe5+ Kd8 64. Bf7 Qb1+ (64... a6 $142 65. Bh5 Qd7 66. Qb8+ Ke7 67. Qxb6 Qf5) 65. Kg2 {[%emt 0:00:00] Qd6+ would kill now.} Kc8 66. Be6+ {[%emt 0:00:00] White mates.} Kb7 67. Bd5+ Ka6 68. Qe8 b5 69. b4 Qxb4 70. Qc6+ ({Weaker is} 70. Qd7 Qd4 $14) 70... Ka5 71. Qc7+ Ka4 72. Qxa7+ Qa5 73. Qxc5 Qd8 74. Qd4+ Ka5 75. Qe5 Qd7 76. Kg3 Qh7 77. Qa1+ Kb6 78. Qd4+ Ka5 79. f4 Qg6+ 80. Kf3 Qh5+ 81. Ke3 Qh3+ 82. Bf3 b4 83. Qe5+ Ka4 84. f5 Qh6+ 85. Qf4 Qf6 86. Bd5 Qc3+ {[%emt 0:00:00] [#]} 87. Ke2 $1 Qc2+ 88. Qd2 Qc8 89. Qa2+ Kb5 {[%emt 0:00:00] [#]} 90. Qc4+ $1 {[%emt 0:00:00][%mdl 512] Weighted Error Value: White=0.14 (very precise) /Black=0.35} 1-0

[Event "FIDE WY-U16 Olympiad 2022"]
[Site "Nakhchivan"]
[Date "2022.10.05"]
[Round "4.16"]
[White "Jafarova, Aysel"]
[Black "Karimi, Setayesh"]
[Result "1-0"]
[ECO "A48"]
[WhiteElo "1534"]
[BlackElo "1925"]
[Annotator "TA"]
[PlyCount "87"]
[EventDate "2022.10.02"]
[EventType "team-tourn"]
[EventCountry "AZE"]
[SourceTitle "playchess.com"]
[Source "ChessBase"]
[SourceQuality "1"]
[BlackTeam "Iran"]
[BlackTeamCountry "IRI"]
[TimeControl "40/5400+30:1800+30"]

1. d4 Nf6 2. Bf4 g6 3. Nf3 Bg7 4. e3 d5 5. Be2 O-O 6. h3 c5 7. c3 Nc6 8. O-O Bf5 {[%emt 0:13:32] [#] D02: 1 d4 d5 2 Nf3 sidelines, including 2...Nf6 3 g3 and 2...Nf6 3 Bf4.} 9. Nh4 $146 ({Predecessor:} 9. Nbd2 c4 10. b3 b5 11. bxc4 dxc4 12. a4 Nd5 13. axb5 Nxc3 14. Qe1 Nxe2+ 15. Qxe2 Bd3 16. Qd1 {1-0 (47) Tristan,L (2553)-Chernyavsky,A (2327) Chess.com INT 2022}) 9... Bxb1 10. Rxb1 Ne4 {[%emt 0:00:19] The position is equal.} 11. Nf3 c4 12. Qc2 b5 13. Nd2 $1 Nxd2 14. Qxd2 Qa5 15. b3 Rad8 16. bxc4 bxc4 17. Rfd1 e5 18. Bh2 f5 19. Rb7 {[%emt 0:04:39] Black must now prevent dxe5.} f4 20. Bg4 (20. exf4 $2 exd4 21. Bg4 dxc3 $19) 20... Kh8 21. Bd7 {[%emt 0:02:46] White is more active.} (21. exf4 exd4 22. f5 dxc3 $17) (21. dxe5 $16 Bxe5 22. Bxf4 Bxc3 23. Qc1) 21... Qa6 (21... Nb8 $1 $11 22. Bg4 h5) 22. Bxc6 $16 Qxc6 23. Rxa7 {[%emt 0:01:12] Hoping for dxe5.} f3 $2 {[%emt 0:02:52] This move loses the game for Black.} (23... Qb6 $16 24. Ra4 exd4 25. exd4 g5) 24. Bxe5 Bxe5 (24... Rd7 $142 25. Rxd7 Qxd7) 25. dxe5 $18 {[%emt 0:00:03] [#] And now Qd4 would win.} fxg2 $2 (25... Qb6) 26. Qd4 {[%emt 0:01:00] White threatens e6+ and mate.} Qe6 27. Kxg2 g5 28. Qg4 (28. Rb1 $142 {Intending Rbb7 and mate.} Qf5 29. Rb2) 28... Qxe5 29. Qd4 {[%emt 0:00:38] Dancing on a razor blade.} Qxd4 30. Rxd4 {[%emt 0:00:13][%mdl 4096] Endgame KRR-KRR} (30. exd4 Ra8 31. Rxa8 Rxa8 $11) 30... Rb8 (30... Ra8 {was worth a try.} 31. Rxa8 Rxa8 32. Rxd5 Rxa2) 31. Rd2 Rb5 $2 (31... Ra8 32. Rxa8 Rxa8 33. Rxd5 Rxa2) 32. a4 Rb3 33. Rc2 (33. Rxd5 $142 Rb2 34. Kg3 (34. Rxg5 Rbxf2+ 35. Kg1 Re2 $18) 34... Rbxf2 35. Rdd7 (35. Rxg5 R2f3+ 36. Kg4 Rxe3 $16) 35... R2f3+ 36. Kg4 h5+ 37. Kxg5) 33... Rd8 (33... Ra3 {might work better.} 34. a5 Kg8) 34. a5 Ra3 $2 (34... Rbb8 35. Rd2 Rb3) 35. Kg3 (35. a6 $142) 35... h5 (35... Rb8 {was necessary.} 36. Kg4 Rb5 37. Kxg5 Kg8) 36. a6 Rd6 $2 (36... Rb8 37. Rd2 Ra5) 37. Rb2 Rd8 {[%emt 0:00:05] Prevents Rb8.} 38. Rb6 Rxc3 (38... d4 $142 39. cxd4 Rc8 40. Rh6+ Kg8 41. Rxh5 c3 42. Rxg5+ Kh8 43. Rh5+ Kg8) 39. Rh6+ Kg8 40. Rah7 {[%emt 0:00:47] [#] Rh8+ would kill now.} Rf8 41. Rh8+ Kg7 42. R6h7+ {[%emt 0:00:24] White mates.} Kg6 43. Rxf8 Kxh7 44. a7 {[%emt 0:00:06] Weighted Error Value: White=0.67/Black=0.82} 1-0

[Event "FIDE WY-U16 Olympiad 2022"]
[Site "Nakhchivan"]
[Date "2022.10.05"]
[Round "4.16"]
[White "Gambarova, Havva"]
[Black "Diaz Bartolo, Elizabeth Schahrazad"]
[Result "0-1"]
[ECO "B23"]
[WhiteElo "1347"]
[BlackElo "1666"]
[Annotator "NA RC COMBH"]
[PlyCount "102"]
[EventDate "2022.10.02"]
[EventType "team-tourn"]
[EventCountry "AZE"]
[SourceTitle "playchess.com"]
[Source "ChessBase"]
[SourceQuality "1"]
[BlackTeam "Mexico"]
[BlackTeamCountry "MEX"]
[TimeControl "40/5400+30:1800+30"]

1. e4 c5 2. Nc3 Nc6 3. f4 e6 4. Bc4 a6 5. a4 Nge7 6. d3 d5 7. Bb3 g6 8. Nf3 Bg7 9. O-O Rb8 10. Qe1 O-O 11. Kh1 b5 12. axb5 axb5 13. e5 Nf5 14. g4 Nfd4 15. Nxd4 Nxd4 16. Be3 Nxb3 17. cxb3 d4 18. Ne4 dxe3 19. Qxe3 Qd5 20. Qxc5 Qxd3 21. Nd6 Qxb3 22. Ra7 Qd5+ 23. Qxd5 exd5 24. h3 Be6 25. f5 Bxe5 26. fxe6 Bxd6 27. exf7+ Kg7 28. h4 Be5 29. b3 Bc3 30. h5 d4 31. Rc7 Ra8 32. Kg2 b4 33. Rf3 Ra2+ 34. Kh3 g5 35. Re7 d3 36. h6+ Kxh6 37. Re8 Kg7 38. Rxd3 Rxf7 39. Rde3 Bd4 40. Rd3 Rb2 41. Rd8 Be5 42. Rg8+ Kxg8 43. Rd8+ Kg7 44. Rg8+ Kf6 45. Rg6+ Ke7 46. Re6+ Kd7 47. Rd6+ Kc8 48. Rd8+ Kb7 49. Rb8+ Kc6 50. Rb6+ Kd5 51. Rb5+ Ke4 0-1

[Event "FIDE WY-U16 Olympiad 2022"]
[Site "Nakhchivan"]
[Date "2022.10.05"]
[Round "4.17"]
[White "Pranav Vijay"]
[Black "Omonov, Asrorjon"]
[Result "1-0"]
[ECO "B12"]
[WhiteElo "2265"]
[BlackElo "2064"]
[Annotator "TA"]
[PlyCount "101"]
[EventDate "2022.10.02"]
[EventType "team-tourn"]
[EventCountry "AZE"]
[SourceTitle "playchess.com"]
[Source "ChessBase"]
[SourceQuality "1"]
[WhiteTeam "India"]
[BlackTeam "Uzbekistan"]
[WhiteTeamCountry "IND"]
[BlackTeamCountry "UZB"]
[TimeControl "40/5400+30:1800+30"]

1. e4 c6 2. d4 d5 3. e5 Bf5 4. Nf3 e6 5. Be2 Nd7 6. O-O h6 7. c3 Ne7 8. Na3 g5 {[%emt 0:02:35] B12: Caro-Kann: Advance Variation.} 9. Nc2 Bg7 10. Ne3 Bg6 {[%emt 0:01:22] White is slightly better.} 11. a4 a5 {[%emt 0:07:55] [#]} 12. h4 $146 ({Predecessor:} 12. b4 O-O 13. Ba3 f6 14. exf6 Bxf6 15. Ng4 Bg7 16. b5 Bh5 17. Nge5 Nxe5 18. Nxe5 Bxe2 19. Qxe2 {1-0 (48) Allahverdiyeva,A (2120)-Uzuner,T (1869) Chess.com INT 2022}) 12... f6 (12... Nf5) (12... Nf5 $1 $14) 13. exf6 $16 Nxf6 14. hxg5 hxg5 15. Nxg5 {[%emt 0:00:22] Hoping for Ng4.} Qd6 16. g3 Ne4 (16... O-O-O) (16... O-O-O $1 $14) 17. Ng2 ({White should play} 17. Nxe4 $16 Bxe4 18. Bh5+ (18. Bf3 e5 $11) 18... Kd7 19. Bf3 Bxf3 20. Qxf3) 17... Bf6 $1 $11 18. Nxe4 (18. Bf4 e5 19. dxe5 Bxe5 $16) 18... Bxe4 (18... dxe4 $11 19. Qb3 O-O-O) 19. Bg4 (19. Bh5+ $1 $16 Kd8 20. Re1) 19... O-O-O $1 20. Bf4 Qd7 21. f3 Bf5 22. Bxf5 Nxf5 23. g4 Ne7 24. Qd3 {[%emt 0:02:30] Prevents Ng6.} Rdg8 25. Kf2 $36 {[%emt 0:00:43][%mdl 2048] aiming for Rh1. White fights for an advantage.} Ng6 26. Rh1 Nxf4 27. Nxf4 {[%emt 0:00:06][%cal Bg2f4,Bf4h3,Bh3f2][%mdl 32] And now Rxh8 would win.} Bh4+ $1 28. Ke2 Qf7 {[%emt 0:01:59] Inhibits Ng6.} 29. Nh3 ({Not} 29. Qe3 Bg5 30. Qxe6+ Qxe6+ 31. Nxe6 Rxh1 32. Rxh1 Re8 $17) 29... Rh6 (29... Qc7 $14) 30. Rag1 (30. g5 $1 $18 Rhh8 31. f4) 30... Bd8 31. Nf2 Rgh8 (31... Rhg6 $14) 32. Rxh6 $18 Rxh6 {[%emt 0:00:06] [#]} 33. Rh1 (33. g5 $1 $16 Rg6 34. Qe3) 33... Rxh1 $14 34. Nxh1 {[%emt 0:00:01][%mdl 4096] Endgame KQB-KQN} Qf4 35. Nf2 {[%emt 0:06:56] Strongly threatening Qe3.} (35. Qe3 $5 Qh2+ 36. Nf2 $16) 35... Bg5 36. Kf1 {[%emt 0:02:03] Black must now prevent Qe2.} (36. Qd1 $5 ) 36... Qc1+ 37. Nd1 Bd2 38. Qe2 Kd7 39. Kg2 Ke7 40. Kh3 Kd7 41. Nf2 Qxb2 42. Nd3 {[%emt 0:00:00] Intending Nc5+ and mate.} Qxc3 43. Nc5+ Kc7 44. Nxe6+ Kc8 $2 ({Better is} 44... Kb6 $1 $14) 45. g5 $18 Qe3 46. Qxe3 {[%emt 0:00:00] White mates.} Bxe3 47. g6 Bh6 48. Kg4 b5 49. Kh5 ({Don't go for} 49. g7 $2 {[#]} Bxg7 $1 50. Nc5 (50. Nxg7 $2 b4 $19) 50... Bxd4 $19) 49... Bg7 50. Nxg7 bxa4 51. Nf5 {[%emt 0:00:00] Weighted Error Value: White=0.21 (precise) /Black=0.45} 1-0

[Event "FIDE WY-U16 Olympiad 2022"]
[Site "Nakhchivan"]
[Date "2022.10.05"]
[Round "4.17"]
[White "Mendez Machado, Andre"]
[Black "Swarnavo, Choudhury"]
[Result "0-1"]
[ECO "B24"]
[WhiteElo "2009"]
[BlackElo "1979"]
[Annotator "TA"]
[PlyCount "74"]
[EventDate "2022.10.02"]
[EventType "team-tourn"]
[EventCountry "AZE"]
[SourceTitle "playchess.com"]
[Source "ChessBase"]
[SourceQuality "1"]
[WhiteTeam "Panama"]
[WhiteTeamCountry "PAN"]
[TimeControl "40/5400+30:1800+30"]

1. e4 c5 2. Nc3 Nc6 3. Bb5 Nd4 4. Nf3 a6 5. Bd3 g6 6. Rb1 {[%emt 0:00:30] B23: Closed Sicilian: Lines without g3.} Nc6 7. a3 b5 8. b4 {[%emt 0:00:14] The position is equal.} c4 9. Be2 Bg7 {[%emt 0:00:10] [#]} 10. a4 $146 ({Predecessor:} 10. Bb2 Nf6 11. d3 cxd3 12. cxd3 O-O 13. O-O Bb7 14. d4 d5 15. e5 Ne4 16. Nxe4 dxe4 {1-0 (27) Sanal,V (2563)-Nazaretyan,T (2277) Tallinn 2019}) 10... Rb8 11. axb5 axb5 12. d4 d6 13. O-O e6 14. Bf4 Nge7 15. Qd2 O-O 16. d5 ({Better is} 16. Rfd1 $14) 16... Ne5 (16... exd5 $11 {keeps the balance.} 17. Nxd5 Nxd5 18. Qxd5 Be6 19. Qxd6 (19. Qxc6 Rb6 $17) 19... Rc8) 17. Nd4 exd5 18. exd5 Bd7 19. Bg3 (19. Bg5 $16) 19... Nf5 20. Nxf5 Bxf5 21. Ra1 Re8 22. Ra5 Qd7 23. Rfa1 Ng4 ({Black should play} 23... Qe7 $11) 24. Bf3 (24. Bxg4 $14 Bxg4 25. Ra6) 24... Ne5 $11 25. Bd1 Ng4 26. h3 $2 (26. Bxg4 $16 Bxg4 27. Ra6) 26... Nf6 {[%emt 0:01:34] Black is much more active.} (26... Bh6 $1 $17 27. f4 Ne3) 27. Bf3 Ne4 {[%emt 0:01:02] [#]} (27... Be4 $11 {remains equal.}) 28. Bxe4 $1 $16 Bxe4 {[%emt 0:00:30] [#]} 29. R1a3 (29. f3 $1 $16 Bxc3 30. Qxc3 Bxd5 31. Rd1) 29... Bxc3 $14 30. Rxc3 Qb7 $1 31. Bxd6 (31. Re3 $14 Bxd5 32. f3 (32. Bxd6 Rbd8 $11)) 31... Rbd8 $36 {[%emt 0:00:14][%cal Bb8d8,Bd8d5,Bd5d1,Bd1h1,Bh1h3][%mdl 2080] Black is more active.} 32. Bc5 Rxd5 33. Qf4 {[%emt 0:00:16][%mdl 8192] Loses the game.} (33. Qe2 $15) 33... Rd1+ $19 34. Kh2 Bxg2 {[%emt 0:00:38] ( -> ...Rh1+)} 35. Ra7 Rh1+ {[%emt 0:00:15] Black mates.} 36. Kg3 Rxh3+ 37. Kg4 Qc8+ {[%emt 0:00:03] Weighted Error Value: White=0.64/Black=0.21 (precise)} 0-1

[Event "FIDE WY-U16 Olympiad 2022"]
[Site "Nakhchivan"]
[Date "2022.10.05"]
[Round "4.18"]
[White "Khamdamova, Afruza"]
[Black "Pranesh M"]
[Result "1/2-1/2"]
[ECO "C78"]
[WhiteElo "2118"]
[BlackElo "2442"]
[Annotator "TA"]
[PlyCount "160"]
[EventDate "2022.10.02"]
[EventType "team-tourn"]
[EventCountry "AZE"]
[SourceTitle "playchess.com"]
[Source "ChessBase"]
[SourceQuality "1"]
[WhiteTeam "Uzbekistan"]
[BlackTeam "India"]
[WhiteTeamCountry "UZB"]
[BlackTeamCountry "IND"]
[TimeControl "40/5400+30:1800+30"]

1. e4 e5 2. Nf3 Nc6 3. Bb5 a6 4. Ba4 Nf6 5. O-O b5 6. Bb3 Bc5 7. c3 d6 8. d4 Bb6 9. a4 {[%emt 0:00:06] 9.Be3 is the modern continuation.} Bg4 {[%emt 0:01:06] C78: Ruy Lopez: Archangelsk and Möller Defences.} 10. Bg5 {[%emt 0:14:08][%cal Bc1g5,Bg5h4,Bh4g3][%mdl 32] And now Bd5 would win.} (10. h3 $5 Bxf3 11. Qxf3 $11) 10... Rb8 11. Bd5 Ne7 12. dxe5 (12. Bxf6 {feels hotter.} gxf6 13. h3 Bh5 14. Bb3) 12... Nfxd5 13. exd6 {[%emt 0:01:37] [#]} Qxd6 $146 ({Predecessor:} 13... Nxc3 14. Nxc3 cxd6 15. Nd5 f6 16. Bxf6 {1-0 (16) Cabezas Ayala,I (2317)-Fernandez Salmeron,R Almendralejo 2003}) 14. exd5 f6 15. Bh4 O-O {[%emt 0:08:29][%mdl 1024] Black has compensation.} 16. Bg3 Qd7 (16... Qxd5 $11 17. Qxd5+ Nxd5) 17. a5 (17. d6 $14 cxd6 18. Qxd6) 17... Bc5 $11 18. b4 Bd6 19. Nbd2 Bxg3 (19... Nxd5 $11 20. Re1 Rfe8) 20. hxg3 $14 Nxd5 21. Ne4 Qf7 22. Qd4 Rbd8 23. Nc5 Bc8 24. Rfd1 Rd6 25. Rac1 g5 ({Better is} 25... Nb6 $14 26. Qe4 Re8) 26. Ne4 $36 {[%emt 0:03:50][%mdl 2048] White has strong initiative. Pair of Knights!} Rd7 27. Qc5 {[%emt 0:01:26][%cal Oe4g5] Nexg5! is the strong threat. White has more active pieces.} Bb7 $2 {[%emt 0:04:47] [#]} (27... Re8 $16 28. Rd4 g4) 28. c4 $1 $18 Re8 29. Nexg5 (29. cxd5 Rxe4 30. Qa7 Bxd5 $14) (29. Qd4 $142) 29... fxg5 30. cxd5 h6 (30... Rxd5 $142 31. Rxd5 Qxd5) 31. Qa7 Bxd5 32. Qxa6 c6 33. Qb6 Qf8 34. Re1 Be4 35. a6 {[%emt 0:01:56][%cal Ba5a6,Ba6a7][%mdl 32] Hoping for a7.} g4 36. Nh4 Qxb4 37. a7 Rdd8 {[%emt 0:05:43] [#]} 38. Rxe4 $1 Qxe4 39. Rxc6 {[%emt 0:00:01] Intending Rg6+ and mate.} Rd7 40. Rxh6 Rh7 41. Rxh7 (41. Rg6+ Rg7 42. Rd6) 41... Kxh7 42. Qxb5 {[%emt 0:00:10][%mdl 4096] Endgame KQR-KQN. Chess con chili.} Kh6 {[%emt 0:08:28] Inhibits Qh5+.} (42... Ra8 $16 {is more resistant.}) 43. Qb6+ Kh7 (43... Kg7 {was worth a try.} 44. Qb2+ Kf7) 44. Qc7+ Kg8 45. Qd7 {[%emt 0:01:08] White wants to mate with Nf5.} Ra8 46. Nf5 Rxa7 47. Qxa7 (47. Nh6+ Kh8 48. Qxg4 (48. Qxa7 Qxg2+ 49. Kxg2 $11) 48... Ra1+ 49. Kh2 Qxg4 50. Nxg4 Kh7 $16) 47... Qb1+ 48. Kh2 Qxf5 {[%emt 0:00:05] KQ-KQ} 49. Qb8+ Kg7 50. Qc7+ Kg8 51. Qc4+ Kg7 52. Qd4+ Kg8 53. Qd8+ Kg7 54. Qe7+ Kg8 55. Qe2 Qh7+ 56. Kg1 Qb1+ 57. Qf1 Qc2 58. Qe1 Kf7 {[%emt 0:00:22] [#] Against Qe6+} 59. Qa1 $1 Qf5 60. Qd1 Kg8 61. Qb3+ Kg7 62. Kf1 Qa5 63. Qb7+ Kh6 64. Qc6+ Kg5 65. f4+ Kf5 66. Qc8+ Kf6 67. Qh8+ Kf7 68. Qh7+ Kf6 69. Qh6+ ({Resist} 69. Qh4+ Kf7 70. Qh7+ (70. Qxg4 Qa1+ 71. Kf2 Qd4+ 72. Kf1 Qa1+ 73. Kf2 Qd4+ 74. Kf1 Qa1+ $11) 70... Kf6 71. Qh4+ Kf7 72. Qh7+ $18 (72. Qxg4 Qa1+ 73. Kf2 Qd4+ 74. Kf1 Qa1+ 75. Kf2 Qd4+ 76. Ke1 Qb4+ 77. Kf2 Qd4+ $11)) 69... Kf7 70. Qh7+ Kf6 $1 71. Qh4+ Kf7 72. Qxg4 $2 (72. Kg1 $18) 72... Qa1+ $1 $11 {[%emt 0:00:49] The position is equal.} 73. Ke2 Qb2+ 74. Kd3 Qb3+ 75. Kd4 Qb4+ 76. Ke3 Qc3+ 77. Kf2 Qd4+ 78. Kf1 Qa1+ $1 79. Kf2 Qd4+ 80. Ke1 {[%emt 0:00:16] Black must now prevent Qh5+.} Qc3+ {[%emt 0:00:09] Black defended with fortune.  Weighted Error Value: White=0.27 (precise) /Black=0.51} 1/2-1/2

[Event "FIDE WY-U16 Olympiad 2022"]
[Site "Nakhchivan"]
[Date "2022.10.05"]
[Round "4.18"]
[White "Jannatul, Ferdousi"]
[Black "Schnell, Sebastian Narayana"]
[Result "1/2-1/2"]
[ECO "A45"]
[WhiteElo "1624"]
[BlackElo "1847"]
[Annotator "NA RC COMBH"]
[PlyCount "270"]
[EventDate "2022.10.02"]
[EventType "team-tourn"]
[EventCountry "AZE"]
[SourceTitle "playchess.com"]
[Source "ChessBase"]
[SourceQuality "1"]
[WhiteTeam "Bangladesh"]
[BlackTeam "Panama"]
[WhiteTeamCountry "BAN"]
[BlackTeamCountry "PAN"]
[TimeControl "40/5400+30:1800+30"]

1. d4 Nf6 2. Bf4 c5 3. e3 d5 4. Nf3 Nc6 5. c3 Qb6 6. Qb3 c4 7. Qxb6 axb6 8. Na3 Bf5 9. Nh4 Bg6 10. Nxg6 hxg6 11. Nc2 e6 12. Be2 Kd7 13. O-O Ne4 14. f3 Nf6 15. e4 b5 16. e5 Ne8 17. Bd2 Nc7 18. f4 Be7 19. a3 Na5 20. Rae1 Rh7 21. Be3 Rah8 22. h3 Na8 23. Ra1 Nb6 24. Ra2 Ra8 25. Raa1 Rhh8 26. Rab1 Nc6 27. Ra1 Ra7 28. Rfe1 Rha8 29. Rf1 Na4 30. Rab1 Rh8 31. Rfe1 f5 32. Rf1 Nd8 33. Rf3 Nf7 34. g4 fxg4 35. hxg4 Rh4 36. g5 Ra8 37. Rg3 Rah8 38. Kf2 Rh1 39. Rgg1 R1h7 40. Bd1 Nd8 41. Ne1 Ke8 42. Nf3 Kf7 43. Bxa4 bxa4 44. Kg2 Nc6 45. Rh1 Rxh1 46. Rxh1 Ra8 47. Kf2 Ra6 48. Ke2 Rb6 49. Bc1 Bf8 50. Kd1 Ne7 51. Nh4 Ra6 52. Kc2 Ra8 53. Be3 Rd8 54. Bf2 Re8 55. Rh2 Nc8 56. Ng2 Be7 57. Ne3 Bd8 58. Rh1 Kg8 59. Rh3 Rf8 60. Bg3 Na7 61. Kb1 Nb5 62. Ng2 Be7 63. Be1 Nc7 64. Rg3 Na6 65. Bd2 Nb8 66. Kc2 Nc6 67. Rh3 Na5 68. Be3 Nb3 69. Rg3 Kf7 70. Rh3 Bd8 71. Ne1 Na5 72. Ng2 Nc6 73. Bd2 Ne7 74. Ne3 Kg8 75. Rh4 Bc7 76. Rg4 Bb6 77. Rh4 Kf7 78. Bc1 Nc6 79. Nd1 Ba7 80. Bd2 Ke7 81. Rh7 Kf7 82. Rh4 Kg8 83. Bc1 Rb8 84. Rh3 Bb6 85. Rh4 Rf8 86. Bd2 Ne7 87. Ne3 Kf7 88. Bc1 Bd8 89. Bd2 Ng8 90. Rh8 Ne7 91. Rxf8+ Kxf8 92. Be1 Kf7 93. Bg3 Nf5 94. Nf1 Bb6 95. Bf2 Ke8 96. Nh2 Kd7 97. Nf3 Kc6 98. Nh4 Ne7 99. Nf3 Ba7 100. Nh4 Kd7 101. Nf3 Ke8 102. Nh4 Kf7 103. Nf3 Nc6 104. Nd2 Bb6 105. Nf3 Bd8 106. Nd2 Be7 107. Nf3 Na7 108. Nd2 Ke8 109. Nf3 Nb5 110. Be1 b6 111. Nh4 Kf7 112. Nf3 Na7 113. Bd2 Nc6 114. Be1 Bd8 115. Bf2 Ne7 116. Nh4 Nc6 117. Be1 Nb8 118. Bf2 Nd7 119. Be1 Nf8 120. Nf3 Be7 121. Bd2 Nd7 122. Be1 Nb8 123. Bf2 Na6 124. Be1 Nc7 125. Bf2 Nb5 126. Be1 Na7 127. Bf2 b5 128. Be1 Nc6 129. Ng1 Na5 130. Nf3 Nb3 131. Nd2 Na5 132. Nf3 Bd8 133. Nd2 Bb6 134. Nf3 Nb3 135. Nd2 Na5 1/2-1/2

[Event "FIDE WY-U16 Olympiad 2022"]
[Site "Nakhchivan"]
[Date "2022.10.05"]
[Round "4.19"]
[White "Harshad S"]
[Black "Abdukhakimov, Akbarali"]
[Result "1-0"]
[ECO "B90"]
[WhiteElo "2228"]
[BlackElo "1777"]
[Annotator "TA"]
[PlyCount "65"]
[EventDate "2022.10.02"]
[EventType "team-tourn"]
[EventCountry "AZE"]
[SourceTitle "playchess.com"]
[Source "ChessBase"]
[SourceQuality "1"]
[WhiteTeam "India"]
[BlackTeam "Uzbekistan"]
[WhiteTeamCountry "IND"]
[BlackTeamCountry "UZB"]
[TimeControl "40/5400+30:1800+30"]

1. e4 c5 2. Nf3 d6 3. d4 cxd4 4. Nxd4 Nf6 5. Nc3 a6 6. Nb3 e5 7. Bg5 Be6 8. f4 exf4 9. Qd2 Be7 10. Bxf4 Nc6 11. O-O-O Ne5 12. Nd4 {[%emt 0:03:50] B90: Sicilian Najdorf: Unusual White 6th moves, 6 Be3 Ng4 and 6 Be3 e5.} O-O 13. g3 {[%emt 0:31:55] [#]} Re8 $146 ({Predecessor:} 13... Bd7 14. Kb1 Rc8 15. h3 b5 16. a3 Qb6 17. g4 b4 18. axb4 Qxb4 19. g5 Rxc3 20. gxf6 {0-1 (25) Le,Q (2709)-Vachier Lagrave,M (2784) chess24.com INT 2020}) 14. Nxe6 {[%emt 0:12:59] White is better.} fxe6 {[%emt 0:00:56] [#]} 15. Bh3 $1 Bf8 (15... Qc8 $142) 16. Bxe5 $16 dxe5 {[%emt 0:00:09] [#]} 17. Bxe6+ $1 Kh8 {[%emt 0:00:04] And now ...Qxd2+ would win.} 18. Qe2 Qa5 19. Bb3 Bc5 (19... b5 $16 20. Nd5 Nxd5 21. Bxd5 Rad8) 20. g4 $18 Bd4 21. g5 Nd7 22. Nd5 Nc5 (22... Rf8 {might work better.} 23. Rhf1 Rxf1 24. Qxf1 (24. Rxf1 Rf8 $16) 24... Rf8) 23. c3 Nxb3+ 24. axb3 Ba7 25. Rhf1 {[%emt 0:00:54] Threatens to win with Qh5.} Rf8 26. Rf5 Rad8 {[%emt 0:05:37] Hoping for ...Rxf5.} 27. Rdf1 ({Not} 27. Rxe5 Rf2 28. Qd3 Qa2 $11) 27... Qc5 (27... Bc5 {is a better defense.} 28. Rxf8+ Rxf8 29. Rxf8+ Bxf8) 28. Kc2 Rxf5 29. Rxf5 Rf8 {[%emt 0:00:13] aiming for ...Rxf5.} 30. Qf3 Kg8 31. b4 Rxf5 32. Qxf5 (32. bxc5 $2 {too greedy.} Rxf3 33. c6 bxc6 34. Ne7+ Kf8 35. Nxc6 Be3 $19) 32... Qb5 $2 (32... Qf2+ $18 33. Kd3 Qxf5 34. exf5 Kf7) 33. Ne7+ {[%emt 0:00:17] White took control after the opening.  Weighted Error Value: White=0.15 (very precise) /Black=0.56} 1-0